 Dungeon Crawl Stone Soup version 0.22.0-13-g43fe8f2 (webtiles) character file.

426 Ghouzt the Slasher (level 6, -6/49 HPs)
             Began as a Demonspawn Berserker on Aug 16, 2018.
             Was a Priest of Trog.
             Mangled by Ijyb
             ... wielding a +2 dagger of electrocution
              (20 damage)
             ... on level 4 of the Dungeon.
             The game lasted 00:15:55 (3784 turns).

Ghouzt the Slasher (Demonspawn Berserker)           Turns: 3784, Time: 00:15:56

Health: -6/49      AC:  6    Str: 19    XL:     6   Next: 64%
Magic:  6/6        EV: 10    Int: 13    God:    Trog [***...]
Gold:   62         SH:  0    Dex: 12    Spells: 5/5 levels left

rFire    . . .     SeeInvis +   a - +0 falchion
rCold    . . .     Gourm    .   (no shield)
rNeg     . . .     Faith    .   s - +0 scale mail
rPois    .         Spirit   .   (helmet restricted)
rElec    .         Reflect  .   (no cloak)
rCorr    .         Harm     .   (no gloves)
MR       .....                  (no boots)
Stlth    ..........             u - amulet of magic regeneration
HPRegen  0.16/turn              j - +4 ring of intelligence
MPRegen  0.35/turn              q - ring of see invisible

@: no status effects
A: antennae 2, demonic guardian 1
a: Berserk, Trog's Hand, Renounce Religion


You were on level 4 of the Dungeon.
You worshipped Trog.
Trog was most pleased with you.
You were not hungry.

You visited 1 branch of the dungeon, and saw 4 of its levels.

You collected 231 gold pieces.
You spent 169 gold pieces at shops.

Inventory:

Hand Weapons
 a - a +0 falchion (weapon)
 t - a +1 long sword of holy wrath
Armour
 b - a +0 animal skin
 h - a +0 ring mail of magic resistance
 s - a +0 scale mail (worn)
Jewellery
 j - a +4 ring of intelligence (left hand)
 q - a ring of see invisible (right hand)
 u - an amulet of magic regeneration (around neck)
Wands
 i - a wand of acid (6)
Scrolls
 d - 4 scrolls of teleportation
 f - a scroll of fear {unknown}
 m - a scroll of identify
 r - 3 scrolls of enchant armour {unknown}
Potions
 e - a potion of lignification
 g - 2 potions of cancellation {unknown}
 k - 2 potions of berserk rage {unknown}
 l - a potion of magic {unknown}
 n - 2 potions of ambrosia {unknown}
 p - 4 potions of heal wounds
 v - a potion of curing
Comestibles
 c - 7 rations


   Skills:
 * Level 4.6 Fighting
 + Level 5.1 Long Blades
 + Level 3.2 Armour
 - Level 2.1 Dodging
 - Level 0.5 Stealth


You had 5 spell levels left.
You didn't know any spells.
Your spell library was empty.

Dungeon Overview and Level Annotations

Branches:
Dungeon (4/15)
 Temple: D:4-7

Altars:
Sif Muna
Vehumet

Shops:
D:4 !

Annotations:
D:4 Ijyb


Innate Abilities, Weirdness & Mutations

You have a pair of antennae on your head.
A weak demonic guardian rushes to your aid.


Message History

Ijyb hits you but does no damage.
You are electrocuted!
Ijyb hits you but does no damage.
You closely miss Ijyb.
Ijyb is severely wounded.
Ijyb hits you but does no damage.
You hit Ijyb but do no damage.
Ijyb is severely wounded.
Ijyb hits you but does no damage.
You barely miss Ijyb.
Ijyb is severely wounded.
Ijyb barely misses you.
You closely miss Ijyb.
Ijyb is severely wounded.
Ijyb hits you with a dagger of electrocution.
You are electrocuted!
* * * LOW HITPOINT WARNING * * *
You hit Ijyb.
Ijyb is almost dead.
Ijyb hits you but does no damage.
You are electrocuted!
You die...

### #.##########.#
#########.......@g...#
..........##########.#
########### ## .#


You could see Ijyb.

Vanquished Creatures
  A phantom (D:4)
  An orc wizard (D:4)
  Natasha (thrice) (D:3)
  2 worker ants
  Robin (D:2)
  3 adders
  4 gnolls (D:3)
  A shadow imp (D:2)
  An ooze (D:2)
  2 worms (D:2)
  4 dart slugs
  2 leopard geckos
  11 orcs
  3 ball pythons
  14 goblins
  8 hobgoblins
  5 jackals (D:3)
  A quokka (D:2)
  5 bats
  5 frilled lizards
  7 kobolds
  7 rats
91 creatures vanquished.

Notes
Turn   | Place    | Note
-------+----------+-------------------------------------------
     0 | D:1      | Ghouzt the Demonspawn Berserker began the quest for the Orb.
     0 | D:1      | Reached XP level 1. HP: 18/18 MP: 1/1
   159 | D:1      | Gained mutation: You have a pair of small antennae on your head. [demonic ancestry]
   159 | D:1      | Reached XP level 2. HP: 14/24 MP: 2/2
   329 | D:1      | Reached skill level 3 in Long Blades
   797 | D:2      | Gained mutation: You have a pair of antennae on your head. [demonic ancestry]
   797 | D:2      | Reached XP level 3. HP: 8/29 MP: 3/3
  1089 | D:2      | Reached ** piety under Trog
  1545 | D:2      | Reached XP level 4. HP: 32/36 MP: 4/4
  1595 | D:2      | Noticed Robin
  1637 | D:2      | Killed Robin
  2139 | D:3      | Reached skill level 4 in Long Blades
  2148 | D:3      | Reached *** piety under Trog
  2262 | D:3      | Noticed Natasha
  2270 | D:3      | Reached XP level 5. HP: 42/42 MP: 5/5
  2276 | D:3      | Killed Natasha
  2300 | D:3      | Found a radiant altar of Vehumet.
  2396 | D:3      | Noticed Natasha
  2404 | D:3      | Killed Natasha
  2552 | D:3      | Found a deep blue altar of Sif Muna.
  2594 | D:3      | Noticed Natasha
  2607 | D:3      | Killed Natasha
  3174 | D:3      | Gained mutation: A weak demonic guardian rushes to your aid. [demonic ancestry]
  3174 | D:3      | Reached XP level 6. HP: 36/49 MP: 6/6
  3683 | D:4      | Found Gunalim's Distillery.
  3686 | D:4      | Bought a potion of curing for 39 gold pieces
  3686 | D:4      | Bought a potion of heal wounds for 65 gold pieces
  3686 | D:4      | Bought a potion of heal wounds for 65 gold pieces
  3725 | D:4      | Reached skill level 5 in Long Blades
  3763 | D:4      | Noticed Ijyb
  3784 | D:4      | Mangled by Ijyb

Skill      XL: |  1  2  3  4  5  6 |
---------------+-------------------+-----
Long Blades    | 3 4 5 |  5.1
Dodging        | 2 |  2.1
Armour         | 2 3 |  3.2
Fighting       | 4 |  4.6
Stealth        | |  0.5

Action                   |  1- 3 |  4- 6 || total
-------------------------+-------+-------++-------
Melee: Falchion          |   114 |   197 ||   311
Invok: Berserk           |       |     5 ||     5
  Use: Potion            |     1 |       ||     1
       Scroll            |       |     4 ||     4
 Stab: Sleeping          |     2 |       ||     2
  Eat: Chunk             |     2 |    12 ||    14
Armor: Animal skin       |    13 |       ||    13
       Ring mail         |    22 |    23 ||    45
       Skin              |    33 |       ||    33
       Scale mail        |       |    34 ||    34
Dodge: Dodged            |    53 |   103 ||   156
       Rpst.: Falchion   |    19 |    35 ||    54
